 Dungeon Crawl Stone Soup version 0.21.1-1-g345015fe64 (webtiles) character file.

6572 Kohma the Grappler (level 10, 0/106 HPs)
             Began as a Troll Berserker on June 16, 2018.
             Was a High Priest of Trog.
             Slain by a yak (18 damage)
             ... on level 9 of the Dungeon.
             The game lasted 00:33:09 (8475 turns).

Kohma the Grappler (Troll Berserker)                Turns: 8475, Time: 00:33:09

Health: 0/106      AC:  7    Str: 27    XL:     10   Next: 70%
Magic:  9/9        EV: 12    Int:  3    God:    Trog [*****.]
Gold:   663        SH:  0    Dex: 12    Spells: 9/9 levels left

rFire    . . .     SeeInvis .     - Unarmed
rCold    . . .     Gourm    +   (no shield)
rNeg     . . .     Faith    +   a - +0 animal skin
rPois    .         Spirit   .   (helmet restricted)
rElec    .         Reflect  .   J - +1 cloak
rCorr    +         Harm     .   (gloves unavailable)
MR       +....                  (boots unavailable)
Stlth    +.........             A - amulet of faith
HPRegen  0.67/turn              o - ring of resist corrosion
MPRegen  0.11/turn              e - ring of protection from magic

@: no status effects
A: large, unfitting armour, claws 3, fast metabolism 3, gourmand, regeneration
1, shaggy fur 1, tough skin 2
a: Berserk, Trog's Hand, Brothers in Arms, Burn Spellbooks, Renounce Religion


You were on level 9 of the Dungeon.
You worshipped Trog.
Trog was extremely pleased with you.
You were completely stuffed.

You visited 2 branches of the dungeon, and saw 12 of its levels.
You also visited: Sewer and Ossuary.

You collected 663 gold pieces.

Inventory:

Hand Weapons
 d - the +6 dagger "Vegas" {speed, MP+9 Int+2}
   (You found it on level 5 of the Dungeon)

   Attacks with this weapon are significantly faster.
   It affects your intelligence (+2).
   It affects your magic capacity (+9).
 h - a +1 blowgun
 t - the +0 mace "Nud Tepp" {crush, rPois}
   (You found it on level 7 of the Dungeon)

   It inflicts extra damage upon your enemies.
   It protects you from poison.
 D - a +0 hunting sling
 K - the +5 quarterstaff of the Pillar {crush, rN+ Str+4 Dex+2}
   (Trog gifted it to you on level 9 of the Dungeon)

   It inflicts extra damage upon your enemies.
   It affects your strength (+4).
   It affects your dexterity (+2).
   It protects you from negative energy.
Missiles
 g - 3 large rocks (quivered)
 n - a throwing net
 r - 11 tomahawks
 y - 37 poisoned needles
 E - 62 sling bullets
Armour
 a - a +0 animal skin (worn)
 J - a +1 cloak (worn)
Jewellery
 e - a ring of protection from magic (right claw)
 o - a ring of resist corrosion (left claw)
 A - an amulet of faith (around neck)
 F - an uncursed ring of stealth
 H - an uncursed amulet of the gourmand {unknown}
 L - a +6 ring of intelligence {unknown}
Wands
 i - a wand of iceblast (12)
 m - a wand of flame (48)
 x - a wand of digging (25)
 B - a wand of enslavement (5)
 G - a wand of disintegration (10)
Scrolls
 j - 5 scrolls of teleportation
 p - 2 scrolls of remove curse
 v - 5 scrolls of enchant weapon
 w - 2 scrolls of immolation
Potions
 c - 10 potions of curing
 f - a potion of lignification {unknown}
 k - 2 potions of flight {unknown}
 q - 2 potions of agility
 s - 3 potions of heal wounds {unknown}
 u - 6 potions of magic
 z - a potion of cancellation {unknown}
 C - a potion of might {unknown}
Comestibles
 b - 17 rations


   Skills:
 * Level 8.4 Fighting
 + Level 5.3 Throwing
 - Level 2.0 Armour
 + Level 6.1 Dodging
 * Level 10.0 Unarmed Combat


You had 9 spell levels left.
You didn't know any spells.

Dungeon Overview and Level Annotations

Branches:
Dungeon (11/15)            Temple (1/1) D:4            Lair (0/6) D:10
    Orc: D:9-12

Altars:
Ashenzari
Cheibriados
Dithmenos
Elyvilon
Fedhas
Gozag
Hepliaklqana
Kikubaaqudgha
Makhleb
Nemelex Xobeh
Okawaru
Qazlal
Ru
Sif Muna
Trog
Uskayaw
Vehumet
Wu Jian
Xom
Yredelemnul
Zin
The Shining One

Shops:
D:4 (


Innate Abilities, Weirdness & Mutations

You are too large for most types of armour.
You have claws for hands.
Your metabolism is lightning-fast.
You like to eat raw meat.
Your natural rate of healing is unusually fast.
You are covered in fur. (AC +1)
You have very tough skin. (AC +2)


Message History

You claw the orc warrior!
The orc warrior is moderately wounded.
The orc warrior barely misses you.
You scratch the orc warrior.
The orc warrior is moderately wounded.
The orc warrior barely misses you.
You mangle the orc warrior!!
You kill the orc warrior!
Trog accepts your kill.
Your Unarmed Combat skill increases to level 10!
The orc warrior hits you with a war axe!!
You claw the yak!
The yak is heavily wounded.
The yak gores you!
The orc warrior hits you with a war axe!!
* * * LOW HITPOINT WARNING * * *
You claw the yak!
The yak is almost dead.
The yak gores you!!
You die...

## ######### #. ########
#...<...# #. ##
#......#####.......######(
.#######......oY@##.......#...((.
.#......>.....##o##.......#.####.
.'.#####......##..'.......'.# #.
.### #......#####.......### #. ##
####.### #......## #### #..#
#.####.# #... ## ##.# #.####.#
#.## .# #.# #.##...## #.# .# #.#
##.##....####.#


You could see a yak, an orc warrior and an orc.

Vanquished Creatures
  An oklob plant (D:10)
  Maurice (D:9)
  Joseph (D:7)
  A troll (D:10)
  Grinder (D:4)
  9 yaks (D:9)
  Duvessa (D:7)
  An orc warrior (D:9)
  Purgy (Sewer)
  An ice beast (D:5)
  A black bear (D:9)
  A phantom (D:10)
  4 ogres
  A necrophage (D:10)
  3 centaurs
  A big kobold (D:9)
  9 bullfrogs
  Dowan (D:7)
  A scorpion (D:6)
  The ghost of Morteh the Covered, a weakling MiFi (D:3)
  2 howler monkeys
  4 wights (D:9)
  2 bullfrog zombies
  2 orc priests
  2 hounds
  6 jellies
  4 human zombies (Ossuary)
  3 iguanas
  11 orc wizards
  10 worker ants
  2 big kobold zombies (Ossuary)
  A hound zombie (Ossuary)
  5 mummies
  12 gnolls
  9 adders
  2 shadow imps
  An ooze (D:2)
  An adder skeleton (D:5)
  An adder zombie (D:9)
  2 worms
  6 leopard geckos
  30 orcs
  2 ball pythons
  9 giant cockroaches
  10 goblins
  12 hobgoblins
  5 jackals (D:2)
  17 kobolds
  2 quokkas (D:2)
  6 bats
  3 frilled lizards
  A goblin zombie (Ossuary)
  A hobgoblin zombie (Ossuary)
  3 jackal zombies
  An orc zombie (Ossuary)
  2 quokka skeletons
  5 rats
  A plant (D:10)
239 creatures vanquished.

Notes
Turn   | Place    | Note
-------+----------+-------------------------------------------
     0 | D:1      | Kohma the Troll Berserker began the quest for the Orb.
     0 | D:1      | Reached XP level 1. HP: 22/22 MP: 0/0
   252 | D:1      | Reached XP level 2. HP: 27/29 MP: 1/1
   665 | D:2      | Reached ** piety under Trog
   715 | D:2      | Reached XP level 3. HP: 29/36 MP: 2/2
  1176 | D:2      | Reached XP level 4. HP: 32/45 MP: 3/3
  1278 | D:2      | Found an ornate altar of the Wu Jian Council.
  1293 | D:2      | Reached skill level 1 in Armour
  1606 | D:3      | Found a bloodstained altar of Trog.
  1698 | D:3      | Reached skill level 4 in Unarmed Combat
  1703 | D:3      | Reached XP level 5. HP: 52/53 MP: 4/4
  2222 | D:3      | Noticed Morteh's ghost (weakling MiFi)
  2230 | D:3      | Killed Morteh's ghost
  2342 | D:3      | You fall through a shaft for 3 floors!
  2350 | D:6      | Reached XP level 6. HP: 62/62 MP: 5/5
  2354 | D:6      | Reached *** piety under Trog
  2386 | D:6      | Reached skill level 5 in Unarmed Combat
  2479 | D:6      | Reached XP level 7. HP: 70/70 MP: 6/6
  2533 | D:6      | Reached skill level 1 in Throwing
  2588 | D:5      | Entered Level 5 of the Dungeon
  2594 | D:5      | Found a sand-covered staircase.
  2599 | Ossuary  | Entered an ossuary
  2889 | Ossuary  | Reached skill level 6 in Unarmed Combat
  2991 | D:5      | Found a glowing drain.
  2995 | Sewer    | Entered a sewer
  3082 | Sewer    | Received a gift from Trog
  3178 | Sewer    | Noticed Purgy
  3182 | Sewer    | Killed Purgy
  3182 | Sewer    | Reached skill level 5 in Fighting
  3182 | Sewer    | Reached XP level 8. HP: 72/80 MP: 7/7
  3499 | D:5      | Got an ancient dagger
  3653 | D:5      | Reached **** piety under Trog
  4500 | D:4      | Reached skill level 7 in Unarmed Combat
  4507 | D:4      | Found a staircase to the Ecumenical Temple.
  4529 | Temple   | Entered the Ecumenical Temple
  4823 | D:4      | Noticed Grinder
  4848 | D:4      | Killed Grinder
  5145 | D:4      | Found Wapateav's Weapon Shop.
  5623 | D:6      | Reached XP level 9. HP: 59/89 MP: 8/8
  6191 | D:7      | Got a shimmering mace
  6255 | D:7      | Noticed Duvessa
  6256 | D:7      | Noticed Dowan
  6267 | D:7      | Killed Duvessa
  6272 | D:7      | Killed Dowan
  6299 | D:7      | Noticed Joseph
  6310 | D:7      | Killed Joseph
  6310 | D:7      | Reached skill level 5 in Dodging
  6310 | D:7      | Reached skill level 8 in Unarmed Combat
  6472 | D:7      | Reached ***** piety under Trog
  7305 | D:9      | Noticed Maurice
  7315 | D:9      | Killed Maurice
  7404 | D:9      | Found a sparkling altar of Nemelex Xobeh.
  7405 | D:9      | Found a white marble altar of Elyvilon.
  7405 | D:9      | Found a glowing silver altar of Zin.
  7407 | D:9      | Found a basalt altar of Yredelemnul.
  7408 | D:9      | Found a bloodstained altar of Trog.
  7473 | D:9      | Found a radiant altar of Vehumet.
  7482 | D:9      | Reached XP level 10. HP: 98/102 MP: 9/9
  7484 | D:9      | Received a gift from Trog
  7485 | D:9      | Got a steaming quarterstaff {god gift}
  7634 | D:9      | Reached skill level 9 in Unarmed Combat
  7685 | D:9      | Found an iron altar of Okawaru.
  7894 | D:9      | Identified the +0 mace "Nud Tepp" {crush, rPois} (You found it on level 7 of the Dungeon)
  7895 | D:9      | Identified the +6 dagger "Vegas" {speed, MP+9 Int+2} (You found it on level 5 of the Dungeon)
  7896 | D:9      | Identified the +5 quarterstaff of the Pillar {crush, rN+ Str+4 Dex+2} (Trog gifted it to you on level 9 of the Dungeon)
  8042 | D:10     | Entered Level 10 of the Dungeon
  8078 | D:10     | Noticed an oklob plant
  8083 | D:10     | Found a staircase to the Lair.
  8092 | D:10     | Killed an oklob plant
  8092 | D:10     | Reached skill level 5 in Throwing
  8473 | D:9      | Reached skill level 10 in Unarmed Combat
  8475 | D:9      | Slain by a yak

Skill      XL: |  1  2  3  4  5  6  7  8  9 10 |
---------------+-------------------------------+-----
Fighting       | 3 4 5 6 7 8 |  8.4
Armour         | 1 2 |  2.0
Dodging        | 3 4 5 6 |  6.1
Unarmed Combat | 4 5 6 7 8 10 | 10.0
Throwing       | 1 3 4 5 |  5.3

Action                   |  1- 3 |  4- 6 |  7- 9 | 10-12 || total
-------------------------+-------+-------+-------+-------++-------
Melee: Unarmed           |    93 |   152 |   390 |   127 ||   762
       Punch             |       |     2 |    17 |    12 ||    31
Throw: Large rock        |       |       |     6 |       ||     6
Invok: Trog's Hand       |       |       |     2 |     1 ||     3
       Berserk           |       |       |     1 |       ||     1
       Burn Spellbooks   |       |       |     1 |     2 ||     3
  Use: Scroll            |       |       |    15 |     3 ||    18
 Stab: Sleeping          |       |       |     3 |       ||     3
  Eat: Chunk             |    16 |    10 |    45 |    11 ||    82
       Ration            |       |       |     1 |       ||     1
Armor: Animal skin       |    45 |    37 |   102 |    23 ||   207
Dodge: Dodged            |    51 |    75 |   217 |    64 ||   407
